[Event "CCT Chessable Masters Play-In 2025"]
[Site "Online"]
[Date "2025.02.17"]
[Round "4.12"]
[White "Deac, Bogdan-Daniel"]
[Black "Korobov, Anton"]
[Result "1/2-1/2"]
[ECO "D45"]
[WhiteElo "2692"]
[BlackElo "2627"]
[PlyCount "72"]
[EventDate "2025.02.13"]
[EventType "swiss"]
[EventCountry "NET"]
[TimeControl "600"]
[WhiteClock "0:00:14"]
[BlackClock "0:01:15"]

1. d4 Nf6 2. c4 e6 3. Nc3 d5 4. Nf3 c6 5. e3 Nbd7 6. Qc2 Bd6 7. Be2 O-O 8. O-O b6 9. e4 dxe4 10. Nxe4 Nxe4 11. Qxe4 Bb7 12. Rd1 Qc7 13. Bd3 g6 14. Qh4 c5 15. Be4 Bxe4 16. Qxe4 cxd4 17. Qxd4 Ne5 18. Qh4 Nxf3+ 19. gxf3 Be5 20. Rb1 Rfd8 21. Rxd8+ Rxd8 22. Be3 Rd7 23. b3 f5 24. Re1 Qc6 25. Kg2 Rd3 26. Re2 Bc3 27. c5 b5 28. a4 bxa4 29. bxa4 Bd4 30. Rd2 Rxd2 31. Bxd2 Qxc5 32. Qd8+ Kf7 33. Qd7+ Kf6 34. Qd8+ Kf7 35. Qd7+ Kf6 36. Qd8+ Kf7 1/2-1/2

[Event "CCT Chessable Masters Play-In 2025"]
[Site "Online"]
[Date "2025.02.17"]
[Round "4.13"]
[White "Pichot, Alan"]
[Black "Yakubboev, Nodirbek"]
[Result "1/2-1/2"]
[ECO "C55"]
[WhiteElo "2613"]
[BlackElo "2659"]
[PlyCount "111"]
[EventDate "2025.02.13"]
[EventType "swiss"]
[EventCountry "NET"]
[TimeControl "600"]
[WhiteClock "0:00:57"]
[BlackClock "0:00:56"]

1. e4 e5 2. Nf3 Nc6 3. Bc4 Nf6 4. d3 Be7 5. O-O O-O 6. Nc3 d6 7. a4 Bg4 8. h3 Bxf3 9. Qxf3 Nd4 10. Qd1 c6 11. Ba2 Ne6 12. Be3 d5 13. exd5 cxd5 14. d4 e4 15. f3 Bb4 16. Ne2 Qd7 17. c3 Be7 18. Ng3 Bd6 19. Nf5 g6 20. fxe4 Nxe4 21. Nh6+ Kg7 22. Bxd5 Ng3 23. Ng4 Nxf1 24. Bh6+ Kh8 25. Bxf8 Rxf8 26. Qxf1 f5 27. Nf2 Ng5 28. Qb5 Qe7 29. Qd3 Bb8 30. c4 Qd6 31. Re1 Qh2+ 32. Kf1 Ne4 33. Rxe4 fxe4 34. Bxe4 Qf4 35. Bf3 Qc1+ 36. Nd1 Bg3 37. d5 Re8 38. Be2 Qf4+ 39. Qf3 Qd6 40. c5 Qb8 41. Qc3+ Be5 42. Qc4 Rf8+ 43. Bf3 b6 44. b4 Rf4 45. Qe2 Rxb4 46. d6 Bxd6 47. cxd6 Qxd6 48. Qe3 h5 49. Qc3+ Qd4 50. Qc8+ Kg7 51. Qc7+ Kh6 52. Qc1+ Kg7 53. Qc7+ Kh6 54. Qc1+ Qf4 55. Qc3 Qd4 56. Qc1+ 1/2-1/2

[Event "CCT Chessable Masters Play-In 2025"]
[Site "Online"]
[Date "2025.02.17"]
[Round "4.14"]
[White "Muradli, Mahammad"]
[Black "Narayanan S L"]
[Result "1/2-1/2"]
[ECO "A55"]
[WhiteElo "2588"]
[BlackElo "2622"]
[PlyCount "116"]
[EventDate "2025.02.13"]
[EventType "swiss"]
[EventCountry "NET"]
[TimeControl "600"]
[WhiteClock "0:01:05"]
[BlackClock "0:04:27"]

1. Nf3 Nf6 2. c4 d6 3. d4 Nbd7 4. Nc3 e5 5. e4 Be7 6. Be2 O-O 7. O-O Re8 8. Re1 Bf8 9. d5 Nc5 10. Bf1 a5 11. b3 Bg4 12. Rb1 Bh5 13. g3 c6 14. Bg5 h6 15. Bxf6 Qxf6 16. Bg2 g5 17. Re3 Bg6 18. Ne1 h5 19. Nd3 Nxd3 20. Rxd3 g4 21. h3 Qg5 22. Qd2 Qxd2 23. Rxd2 c5 24. hxg4 hxg4 25. Bf1 Bh6 26. Rdd1 Kg7 27. Be2 f5 28. exf5 Bxf5 29. Bd3 e4 30. Bc2 Kf6 31. Re1 e3 32. Bxf5 Kxf5 33. Nb5 Rad8 34. Nc7 Re5 35. Ne6 Ra8 36. fxe3 Bxe3+ 37. Kg2 Ke4 38. Rbd1 b6 39. Nf4 Kf5 40. Ne6 a4 41. Re2 axb3 42. axb3 Ra3 43. Rd3 Bh6 44. Rf2+ Kg6 45. Rd1 Rxb3 46. Rdf1 Rf3 47. Rxf3 gxf3+ 48. Rxf3 Re4 49. Rb3 Kf5 50. Rxb6 Ke5 51. Nd8 Bf8 52. Nf7+ Kd4 53. Nxd6 Bxd6 54. Rxd6 Kxc4 55. Rd8 Kd4 56. d6 Kd5 57. d7 Re7 58. g4 Ke6 1/2-1/2

[Event "CCT Chessable Masters Play-In 2025"]
[Site "Online"]
[Date "2025.02.17"]
[Round "4.15"]
[White "Lobanov, Sergei"]
[Black "Aronian, Levon"]
[Result "1/2-1/2"]
[ECO "E47"]
[WhiteElo "2508"]
[BlackElo "2745"]
[PlyCount "51"]
[EventDate "2025.02.13"]
[EventType "swiss"]
[EventCountry "NET"]
[TimeControl "600"]
[WhiteClock "0:05:16"]
[BlackClock "0:04:41"]

1. d4 Nf6 2. c4 e6 3. Nc3 Bb4 4. e3 O-O 5. Bd3 c5 6. Nge2 Nc6 7. O-O d5 8. a3 cxd4 9. axb4 dxc3 10. bxc3 dxc4 11. Bxc4 Qc7 12. Bb3 Rd8 13. Qc2 b6 14. e4 Qe5 15. Ng3 Nxb4 16. cxb4 Qxa1 17. Bb2 Qa6 18. Bxf6 gxf6 19. Qc3 Qd3 20. Qxf6 Ba6 21. Bxe6 fxe6 22. Qxe6+ Kf8 23. Qf6+ Kg8 24. Qe6+ Kf8 25. Qf6+ Kg8 26. Qe6+ 1/2-1/2

[Event "CCT Chessable Masters Play-In 2025"]
[Site "Online"]
[Date "2025.02.17"]
[Round "4.16"]
[White "Artemiev, Vladislav"]
[Black "Suyarov, Mukhammadzokhid"]
[Result "1-0"]
[ECO "A13"]
[WhiteElo "2691"]
[BlackElo "2465"]
[PlyCount "85"]
[EventDate "2025.02.13"]
[EventType "swiss"]
[EventCountry "NET"]
[TimeControl "600"]
[WhiteClock "0:02:46"]
[BlackClock "0:00:16"]

1. Nf3 Nf6 2. c4 e6 3. b3 d5 4. Bb2 b6 5. cxd5 exd5 6. g3 Bb7 7. Bg2 Bd6 8. O-O O-O 9. Nc3 a6 10. Rc1 Re8 11. e3 Nc6 12. a3 Ne5 13. Nxe5 Bxe5 14. Qc2 Qd7 15. Ne2 Bxb2 16. Qxb2 a5 17. Nf4 a4 18. b4 Ba6 19. Rfe1 Rad8 20. h4 Bb5 21. Qc2 Re7 22. Ne2 Bxe2 23. Rxe2 d4 24. Ree1 h6 25. Qc6 dxe3 26. dxe3 Qxc6 27. Bxc6 g6 28. Red1 Rxd1+ 29. Rxd1 Kg7 30. Rc1 Ne8 31. Bxa4 Nd6 32. Bc6 Re5 33. a4 Kf6 34. Kf1 Ke7 35. Ke2 Kd8 36. Kd3 Kc8 37. e4 f5 38. Kd4 Re7 39. e5 Nf7 40. f4 Nd8 41. a5 bxa5 42. bxa5 Re6 43. Kd5 1-0

[Event "CCT Chessable Masters Play-In 2025"]
[Site "Online"]
[Date "2025.02.17"]
[Round "4.17"]
[White "Yu, Yangyi"]
[Black "Shimanov, Aleksandr"]
[Result "1-0"]
[ECO "C11"]
[WhiteElo "2715"]
[BlackElo "2593"]
[PlyCount "235"]
[EventDate "2025.02.13"]
[EventType "swiss"]
[EventCountry "NET"]
[TimeControl "600"]
[BlackClock "0:00:03"]

1. e4 e6 2. d4 d5 3. Nc3 Nf6 4. e5 Nfd7 5. Nf3 c5 6. dxc5 Nc6 7. Bf4 Bxc5 8. Bb5 a6 9. Bxc6 bxc6 10. O-O O-O 11. Qd2 Be7 12. Ne2 c5 13. Ng3 Bb7 14. Rfe1 a5 15. Rad1 a4 16. c3 Rb8 17. Nh5 Bc6 18. Bh6 g6 19. Bxf8 Bxf8 20. Nf4 Qc7 21. h4 Bg7 22. Qe2 Bb5 23. Qe3 Bc4 24. b3 axb3 25. axb3 Bxb3 26. Rb1 Bc2 27. Rxb8+ Qxb8 28. Nxd5 exd5 29. e6 Nf8 30. exf7+ Kxf7 31. Qxc5 Qd8 32. Ng5+ Kg8 33. Qa7 Qd7 34. Qc5 Bf6 35. Re2 Bb3 36. Rb2 Bc4 37. Rb8 Qe7 38. Qxe7 Bxe7 39. g3 h6 40. Ne6 Kf7 41. Nd4 Ne6 42. Nc6 Bf6 43. Rb7+ Kf8 44. Rb8+ Kf7 45. Rb7+ Ke8 46. f4 Nc5 47. Rh7 Bxc3 48. Rxh6 d4 49. Rh8+ Kf7 50. Ne5+ Kg7 51. Rc8 Be2 52. Rxc5 Be1 53. Rc6 d3 54. Rxg6+ Kh7 55. Nxd3 Bxd3 56. Rd6 Bf5 57. Kg2 Bg4 58. Rd5 Bc3 59. Rg5 Be6 60. g4 Bf6 61. Rh5+ Kg7 62. Kg3 Bc3 63. Rc5 Be1+ 64. Kh3 Bf2 65. Rc7+ Kf6 66. f5 Bd5 67. Rd7 Be4 68. Rd6+ Kf7 69. Re6 Bd5 70. Re5 Bc4 71. g5 Bb3 72. h5 Bd4 73. Rb5 Bc2 74. h6 Bd1 75. Kg3 Bc3 76. Rc5 Be1+ 77. Kg2 Bd2 78. Rd5 Bxg5 79. h7 Bf6 80. Rxd1 Kg7 81. Rd7+ Kh6 82. Kf3 Kg5 83. Ke4 Bh8 84. Rf7 Kh6 85. Rf8 Kg7 86. Rxh8 Kxh8 87. Ke5 Kg7 88. Ke6 Kxh7 89. Ke7 Kh6 90. f6 Kg5 91. f7 Kf4 92. f8=Q+ Ke4 93. Qf6 Kd5 94. Qe6+ Kd4 95. Qd6+ Ke4 96. Ke6 Ke3 97. Qe5+ Kd3 98. Kf5 Kc4 99. Qe4+ Kc5 100. Kf4 Kd6 101. Qe3 Kd5 102. Qe5+ Kc4 103. Kf5 Kd3 104. Qe4+ Kc3 105. Ke5 Kd2 106. Kd5 Kc3 107. Qf3+ Kb4 108. Kd4 Kb5 109. Qc3 Kb6 110. Qc5+ Ka6 111. Kd5 Kb7 112. Qb4+ Kc7 113. Qd6+ Kb7 114. Qc6+ Kb8 115. Kd6 Ka7 116. Qb5 Ka8 117. Kc7 Ka7 118. Qb7# 1-0

[Event "CCT Chessable Masters Play-In 2025"]
[Site "Online"]
[Date "2025.02.17"]
[Round "4.18"]
[White "Andreikin, Dmitry"]
[Black "Bharath Subramaniyam H"]
[Result "1/2-1/2"]
[ECO "E15"]
[WhiteElo "2695"]
[BlackElo "2567"]
[PlyCount "120"]
[EventDate "2025.02.13"]
[EventType "swiss"]
[EventCountry "NET"]
[TimeControl "600"]
[WhiteClock "0:02:03"]
[BlackClock "0:02:22"]

1. d4 Nf6 2. c4 e6 3. Nf3 b6 4. g3 Ba6 5. Nbd2 Bb7 6. Bg2 c5 7. O-O cxd4 8. Nxd4 Bxg2 9. Kxg2 Qc8 10. b3 Nc6 11. Bb2 Be7 12. e4 d6 13. Nxc6 Qxc6 14. Qf3 Rc8 15. Rfd1 O-O 16. e5 dxe5 17. Bxe5 Rfd8 18. Qxc6 Rxc6 19. Nf3 Rcc8 20. Bb2 Kf8 21. Ne5 Ke8 22. Kf3 Bd6 23. a4 Rc5 24. Nd3 Rc7 25. a5 bxa5 26. Rxa5 Rb7 27. Nc1 Bc7 28. Rxd8+ Bxd8 29. Ra6 Nd7 30. Bxg7 Nc5 31. Ra3 Bg5 32. Bb2 Bxc1 33. Bxc1 Rxb3+ 34. Rxb3 Nxb3 35. Be3 a5 36. Ke2 a4 37. Bd2 a3 38. Bc3 Kd7 39. Kd3 a2 40. Kc2 a1=Q 41. Bxa1 Nxa1+ 42. Kb2 Kc6 43. Kxa1 Kc5 44. Kb2 Kxc4 45. Kc2 Kd4 46. Kd2 e5 47. f3 f5 48. Ke2 e4 49. fxe4 fxe4 50. g4 e3 51. g5 Ke4 52. h4 Kf4 53. h5 Kxg5 54. Kxe3 Kxh5 55. Kf2 Kg4 56. Kg2 h5 57. Kh2 h4 58. Kh1 h3 59. Kg1 Kg3 60. Kh1 h2 1/2-1/2

[Event "CCT Chessable Masters Play-In 2025"]
[Site "Online"]
[Date "2025.02.17"]
[Round "4.19"]
[White "Vidit, Santosh Gujrathi"]
[Black "Fressinet, Laurent"]
[Result "0-1"]
[ECO "B31"]
[WhiteElo "2721"]
[BlackElo "2588"]
[PlyCount "84"]
[EventDate "2025.02.13"]
[EventType "swiss"]
[EventCountry "NET"]
[TimeControl "600"]
[WhiteClock "0:00:33"]
[BlackClock "0:01:29"]

1. e4 c5 2. Nf3 Nc6 3. Bb5 g6 4. O-O Bg7 5. c3 e5 6. d4 cxd4 7. cxd4 exd4 8. Bf4 a6 9. Qa4 Nge7 10. Bd6 b6 11. Bc4 O-O 12. Nbd2 Bb7 13. Qa3 b5 14. Bd5 b4 15. Qb3 a5 16. Ng5 Qe8 17. Rfe1 h6 18. Ngf3 Qd8 19. a3 a4 20. Qc4 b3 21. Rad1 Ra6 22. Qc5 Ra5 23. Qc1 Nxd5 24. exd5 Rxd5 25. Bxf8 Qxf8 26. Qc4 Ra5 27. h4 Ba6 28. Qc1 Rc5 29. Qb1 Rc2 30. h5 g5 31. Ne4 d3 32. Rd2 d5 33. Ng3 Nd4 34. Nxd4 Rxd2 35. Qc1 Rc2 36. Nxc2 bxc2 37. Nf5 Bf6 38. Qe3 Qc8 39. Nxh6+ Kg7 40. Nxf7 Kxf7 41. Qa7+ Qb7 42. Qc5 d2 0-1

[Event "CCT Chessable Masters Play-In 2025"]
[Site "Online"]
[Date "2025.02.17"]
[Round "4.20"]
[White "Grischuk, Alexander"]
[Black "Ponomariov, Ruslan"]
[Result "1/2-1/2"]
[ECO "C01"]
[WhiteElo "2687"]
[BlackElo "2628"]
[PlyCount "153"]
[EventDate "2025.02.13"]
[EventType "swiss"]
[EventCountry "NET"]
[TimeControl "600"]
[WhiteClock "0:00:21"]
[BlackClock "0:00:31"]

1. e4 e6 2. d4 d5 3. Nc3 Bb4 4. exd5 exd5 5. Bd3 Nc6 6. Nf3 Nge7 7. O-O Bg4 8. h3 Bh5 9. a3 Bxc3 10. bxc3 Bg6 11. Rb1 b6 12. Bb5 O-O 13. Bg5 f6 14. Bf4 Na5 15. Nd2 Nf5 16. Re1 Nd6 17. Bf1 Qd7 18. h4 Rfe8 19. Rxe8+ Rxe8 20. h5 Bf5 21. Qf3 Ne4 22. Nxe4 Bxe4 23. Qg3 c6 24. Re1 Bxc2 25. Rxe8+ Qxe8 26. Bh6 Qd7 27. Qb8+ Kf7 28. Bf4 Nc4 29. h6 g5 30. Bc7 Kg6 31. Qxa7 b5 32. Qb8 Kxh6 33. Qf8+ Kg6 34. Bd8 Qf7 35. Qc5 Qe8 36. Be7 Kf7 37. Bd6 Nd2 38. Qa7+ Kg6 39. Be7 Bf5 40. Qc7 Qd7 41. Qxd7 Bxd7 42. f3 Kf7 43. Bb4 Nxf1 44. Kxf1 h5 45. Kf2 h4 46. Ba5 Bf5 47. Bd8 Bd3 48. Ke3 Bc4 49. Kf2 Kg6 50. Ke3 f5 51. Kf2 f4 52. Be7 Kh5 53. Bd8 g4 54. fxg4+ Kxg4 55. Be7 Bd3 56. Bd8 Be4 57. Be7 h3 58. gxh3+ Kxh3 59. Bd6 Kg4 60. Be5 Kf5 61. Bd6 Bc2 62. Bc7 Ke4 63. Bd6 Bd1 64. Bc5 Bh5 65. Bb4 f3 66. Bc5 Kd3 67. Bb4 Kc4 68. Ba5 Kb3 69. Bb4 Kb2 70. Ke3 Kc2 71. Kf2 Kb3 72. Ke3 Kc2 73. Kf2 Kb2 74. Ke3 Kb3 75. Kf2 Ka4 76. Ke3 Kb3 77. Kf2 1/2-1/2

[Event "CCT Chessable Masters Play-In 2025"]
[Site "Online"]
[Date "2025.02.17"]
[Round "4.21"]
[White "Le, Tuan Minh"]
[Black "Nguyen, Ngoc Truong Son"]
[Result "0-1"]
[ECO "D13"]
[WhiteElo "2598"]
[BlackElo "2632"]
[PlyCount "52"]
[EventDate "2025.02.13"]
[EventType "swiss"]
[EventCountry "NET"]
[TimeControl "600"]
[WhiteClock "0:03:58"]
[BlackClock "0:03:14"]

1. d4 Nf6 2. Nf3 d5 3. Bf4 c5 4. c3 cxd4 5. cxd4 e6 6. e3 Bd6 7. Bg3 O-O 8. Nc3 b6 9. Rc1 Bb7 10. Bd3 Nc6 11. a3 h6 12. Qe2 Rc8 13. O-O Bxg3 14. hxg3 Qd6 15. Rc2 Nd7 16. Rfc1 Na5 17. Nb5 Qb8 18. g4 g6 19. Rxc8 Rxc8 20. Rxc8+ Bxc8 21. Qc2 Ba6 22. g3 Kg7 23. a4 Nb7 24. Qc6 Qd8 25. Kg2 Nb8 26. Qd6 Nxd6 0-1

[Event "CCT Chessable Masters Play-In 2025"]
[Site "Online"]
[Date "2025.02.17"]
[Round "4.22"]
[White "Niemann, Hans Moke"]
[Black "Alonso Rosell, Alvar"]
[Result "1-0"]
[ECO "C55"]
[WhiteElo "2734"]
[BlackElo "2535"]
[PlyCount "107"]
[EventDate "2025.02.13"]
[EventType "swiss"]
[EventCountry "NET"]
[TimeControl "600"]
[WhiteClock "0:03:10"]
[BlackClock "0:00:02"]

1. e4 e5 2. Nf3 Nc6 3. Bc4 Nf6 4. d3 h6 5. c3 d6 6. a4 g6 7. Qb3 Qe7 8. a5 a6 9. O-O Bg7 10. Nbd2 O-O 11. Re1 Nd7 12. Nf1 Kh8 13. Ng3 b5 14. axb6 Nxb6 15. Be3 Bg4 16. Bxb6 Rfb8 17. Nd2 Rxb6 18. Qa2 Nd8 19. b4 h5 20. Ngf1 c6 21. Ne3 Be6 22. Bxe6 Nxe6 23. g3 Bh6 24. Qa4 Bxe3 25. Rxe3 h4 26. Nc4 Rb5 27. Na3 Rb6 28. Nc4 Rb5 29. Qd1 Kg7 30. Qg4 c5 31. bxc5 Rxc5 32. Nb6 Rh8 33. Nd5 Qb7 34. Qf3 Rxd5 35. exd5 Ng5 36. Qg4 Qb2 37. Rf1 Rh5 38. Qb4 Qd2 39. g4 Rh8 40. Qxd6 Qxc3 41. f4 exf4 42. Qxf4 f6 43. d6 Rf8 44. d7 Qc5 45. d4 Qb6 46. Re7+ Kg8 47. Qe3 Qc6 48. h3 Qd6 49. Re1 Qd5 50. Re2 Nf3+ 51. Kf2 Nxd4 52. Re8 Qxd7 53. Rxf8+ Kxf8 54. Qh6+ 1-0

[Event "CCT Chessable Masters Play-In 2025"]
[Site "Online"]
[Date "2025.02.17"]
[Round "4.23"]
[White "Robson, Ray"]
[Black "Sjugirov, Sanan"]
[Result "0-1"]
[ECO "D36"]
[WhiteElo "2689"]
[BlackElo "2643"]
[PlyCount "120"]
[EventDate "2025.02.13"]
[EventType "swiss"]
[EventCountry "NET"]
[TimeControl "600"]
[WhiteClock "0:00:13"]
[BlackClock "0:01:50"]

1. d4 Nf6 2. c4 e6 3. Nc3 d5 4. cxd5 exd5 5. Bg5 c6 6. Qc2 Be7 7. e3 Nbd7 8. Bd3 O-O 9. Nge2 Re8 10. O-O h6 11. Bh4 Nh5 12. Bxe7 Qxe7 13. Rae1 Nf8 14. Nc1 Nf6 15. f3 Ne6 16. Nb3 a5 17. Na4 Qb4 18. Nbc5 Nxc5 19. Nxc5 a4 20. a3 Qa5 21. b4 axb3 22. Nxb3 Qc7 23. Qb2 b6 24. Nd2 c5 25. Nb1 Bd7 26. Nc3 cxd4 27. exd4 Qf4 28. Rxe8+ Bxe8 29. Nd1 Qd6 30. Qb4 Qxb4 31. axb4 Ra4 32. Kf2 Rxb4 33. Ke3 Rb3 34. Nf2 Bb5 35. Ra1 g6 36. Ra7 Bc4 37. g4 b5 38. h4 Kg7 39. Rb7 Ra3 40. Kd2 Ne8 41. Rb6 Nc7 42. f4 Ne6 43. f5 Nxd4 44. f6+ Kh7 45. Rb7 Nf3+ 46. Ke2 d4 47. Bxc4 bxc4 48. Rxf7+ Kg8 49. Rg7+ Kf8 50. Rxg6 Re3+ 51. Kf1 c3 52. Rxh6 c2 53. Rh8+ Kf7 54. Rc8 Re1+ 55. Kg2 Nxh4+ 56. Kg3 c1=Q 57. Rxc1 Rxc1 58. Kxh4 Kxf6 59. Ne4+ Ke5 60. Nd2 Kf4 0-1

[Event "CCT Chessable Masters Play-In 2025"]
[Site "Online"]
[Date "2025.02.17"]
[Round "4.24"]
[White "Kravtsiv, Martyn"]
[Black "Bortnyk, Olexandr"]
[Result "0-1"]
[ECO "B04"]
[WhiteElo "2598"]
[BlackElo "2601"]
[PlyCount "108"]
[EventDate "2025.02.13"]
[EventType "swiss"]
[EventCountry "NET"]
[TimeControl "600"]
[WhiteClock "0:00:03"]
[BlackClock "0:01:20"]

1. e4 Nf6 2. e5 Nd5 3. d4 d6 4. Nf3 dxe5 5. Nxe5 c6 6. Be2 Bf5 7. O-O Nd7 8. Nf3 e6 9. Nbd2 Nb4 10. Ne1 Bd6 11. Nc4 Bc7 12. Ne3 Bg6 13. c4 c5 14. d5 exd5 15. cxd5 Nb6 16. f4 Be4 17. Bb5+ Kf8 18. Nd3 Nxd3 19. Bxd3 Bxd5 20. Qc2 c4 21. Be4 Bxe4 22. Qxe4 Qe7 23. Qxb7 Bd6 24. Qf3 Re8 25. Bd2 Qe4 26. Rae1 Qxf3 27. Rxf3 Bc5 28. Kf1 f6 29. Rc1 Re4 30. b3 Ba3 31. Rc2 cxb3 32. axb3 Bd6 33. Nf5 Bb8 34. Ng3 Rd4 35. Be3 Rd8 36. Bxb6 axb6 37. Rc6 Kf7 38. Ne2 Rd1+ 39. Kf2 Rd2 40. Ke1 Rhd8 41. Re3 Rd1+ 42. Kf2 Bd6 43. Kg3 Bc5 44. Rf3 R8d2 45. Rc7+ Kf8 46. b4 Bd6 47. Rc8+ Kf7 48. Rf2 g5 49. Kg4 Re1 50. Kf3 g4+ 51. Ke3 Bxb4 52. f5 Rd7 53. Kf4 h5 54. h3 Bd6+ 0-1

[Event "CCT Chessable Masters Play-In 2025"]
[Site "Online"]
[Date "2025.02.17"]
[Round "4.25"]
[White "Ma, Qun"]
[Black "Daneshvar, Bardiya"]
[Result "1-0"]
[ECO "B94"]
[WhiteElo "2645"]
[BlackElo "2604"]
[PlyCount "85"]
[EventDate "2025.02.13"]
[EventType "swiss"]
[EventCountry "NET"]
[TimeControl "600"]
[WhiteClock "0:00:34"]
[BlackClock "0:00:02"]

1. e4 c5 2. Nf3 d6 3. d4 cxd4 4. Nxd4 Nf6 5. Nc3 a6 6. Bg5 Nbd7 7. Bc4 Qb6 8. Bb3 e6 9. f3 Be7 10. Qd2 Nc5 11. O-O-O Qc7 12. Kb1 Bd7 13. g4 b5 14. a3 O-O 15. Be3 Rfb8 16. g5 Ne8 17. g6 a5 18. Nf5 Bf8 19. gxh7+ Kh8 20. Nh6 gxh6 21. Bxh6 Ng7 22. Rhg1 Qd8 23. Qf4 f6 24. Rg6 Nxb3 25. Rdg1 Qe7 26. cxb3 b4 27. Rxg7 Bxg7 28. Bxg7+ Qxg7 29. Rxg7 Kxg7 30. Qxd6 bxc3 31. Qxd7+ Kh8 32. Qxe6 cxb2 33. Qxf6+ Kxh7 34. Kxb2 a4 35. b4 Rd8 36. Qf7+ Kh8 37. Qh5+ Kg8 38. Qb5 Rd2+ 39. Kc3 Rdd8 40. Qg5+ Kh8 41. Qe5+ Kg8 42. b5 Rac8+ 43. Kb4 1-0

[Event "CCT Chessable Masters Play-In 2025"]
[Site "Online"]
[Date "2025.02.17"]
[Round "4.26"]
[White "Bjerre, Jonas Buhl"]
[Black "Bok, Benjamin"]
[Result "1/2-1/2"]
[ECO "C50"]
[WhiteElo "2640"]
[BlackElo "2583"]
[PlyCount "97"]
[EventDate "2025.02.13"]
[EventType "swiss"]
[EventCountry "NET"]
[TimeControl "600"]
[WhiteClock "0:01:50"]
[BlackClock "0:00:38"]

1. e4 e5 2. Nf3 Nc6 3. Bc4 Bc5 4. d3 Nf6 5. a4 a5 6. Be3 Bxe3 7. fxe3 d6 8. O-O O-O 9. Nbd2 Ne7 10. Nh4 Ng6 11. Nxg6 hxg6 12. Nf3 c6 13. Bb3 Nh7 14. Qe1 Qe8 15. Nd2 Be6 16. Bxe6 Qxe6 17. Nc4 d5 18. exd5 cxd5 19. Nxa5 b6 20. Nb3 Qc6 21. Qc3 Qxc3 22. bxc3 Rfc8 23. c4 dxc4 24. Nd2 cxd3 25. cxd3 Nf6 26. Nc4 Nd7 27. Nd6 Rf8 28. d4 exd4 29. exd4 Nf6 30. Rfb1 Ra6 31. Nc4 Nd5 32. Rb5 Rd8 33. Kf2 Nc3 34. Rxb6 Rxa4 35. Rxa4 Nxa4 36. Rd6 Rxd6 37. Nxd6 Nc3 38. Kf3 Kf8 39. h4 Ke7 40. Ne4 Nd5 41. Nc5 f5 42. g4 fxg4+ 43. Kxg4 Ne3+ 44. Kg5 Nf5 45. d5 Nxh4 46. Kxh4 Kd6 47. Kg5 Kxd5 48. Kxg6 Kxc5 49. Kxg7 1/2-1/2

[Event "CCT Chessable Masters Play-In 2025"]
[Site "Online"]
[Date "2025.02.17"]
[Round "4.27"]
[White "Narayanan, Srinath"]
[Black "Xu, Xiangyu"]
[Result "0-1"]
[ECO "B30"]
[WhiteElo "2516"]
[BlackElo "2623"]
[PlyCount "120"]
[EventDate "2025.02.13"]
[EventType "swiss"]
[EventCountry "NET"]
[TimeControl "600"]
[WhiteClock "0:00:03"]
[BlackClock "0:00:04"]

1. e4 c5 2. Nf3 Nc6 3. Bb5 Nf6 4. Nc3 Nd4 5. Bd3 Nxf3+ 6. Qxf3 d6 7. b3 a6 8. Bb2 e6 9. O-O Be7 10. Ne2 O-O 11. e5 dxe5 12. Bxe5 Qd5 13. Qg3 g6 14. Nc3 Qd8 15. a4 Nh5 16. Qf3 f6 17. Bg3 e5 18. Bc4+ Kg7 19. d3 Rb8 20. a5 Bd7 21. Bd5 Qc7 22. Qe3 Rbe8 23. Bf3 Nxg3 24. hxg3 Bd6 25. g4 Qc8 26. Qe2 e4 27. Nxe4 Be5 28. Qd1 Qc7 29. Ra2 f5 30. Nd2 Bd4 31. gxf5 Rxf5 32. Ne4 Ref8 33. Bg4 Rf4 34. Bxd7 Qxd7 35. c3 Be5 36. Re2 Rh4 37. Rfe1 Bh2+ 38. Kf1 Rf7 39. Re3 Be5 40. Rf3 Rh1+ 41. Ke2 Rxf3 42. gxf3 Rh2 43. Rh1 Qe6 44. Rxh2 Bxh2 45. Qh1 Bf4 46. Qg2 h5 47. Kf1 Qxb3 48. Qh3 Qd5 49. Kg2 Qxd3 50. Qc8 Qd5 51. Nxc5 Qg5+ 52. Kf1 Qf5 53. Ne6+ Kf6 54. Qf8+ Kxe6 55. Qe8+ Kf6 56. Qg8 Kg5 57. Qf8 Qxf8 58. Kg2 Qc5 59. c4 Qxc4 60. Kh3 Qb5 0-1

[Event "CCT Chessable Masters Play-In 2025"]
[Site "Online"]
[Date "2025.02.17"]
[Round "4.28"]
[White "Sadhwani, Raunak"]
[Black "Tari, Aryan"]
[Result "1-0"]
[ECO "A21"]
[WhiteElo "2666"]
[BlackElo "2621"]
[PlyCount "89"]
[EventDate "2025.02.13"]
[EventType "swiss"]
[EventCountry "NET"]
[TimeControl "600"]
[WhiteClock "0:04:52"]
[BlackClock "0:02:16"]

1. c4 e5 2. Nc3 Bb4 3. Nd5 Be7 4. Nf3 d6 5. d4 Nf6 6. Nc3 exd4 7. Nxd4 d5 8. cxd5 Nxd5 9. Ndb5 Nxc3 10. Qxd8+ Bxd8 11. Nxc3 Be6 12. e4 Nd7 13. f4 f6 14. Be3 c6 15. Be2 Bb6 16. Kf2 Ke7 17. Rhd1 Rhd8 18. Rd2 Bxe3+ 19. Kxe3 a5 20. Rc1 Nb6 21. Rxd8 Rxd8 22. a3 Bc4 23. Nb1 Bxe2 24. Kxe2 Na4 25. b3 Nb6 26. Nd2 Nc8 27. Rc5 a4 28. bxa4 Kd6 29. Rc3 Kc7 30. Rh3 h6 31. Rg3 Rd7 32. Nc4 Nb6 33. Nb2 g5 34. Rh3 gxf4 35. a5 Nc8 36. Rxh6 Rd4 37. Kf3 Nd6 38. Rxf6 c5 39. e5 Nb5 40. Rxf4 Rd2 41. Nc4 Nd4+ 42. Ke4 Rxg2 43. Kd5 Rg7 44. Nd6 Nc6 45. Ne8+ 1-0

[Event "CCT Chessable Masters Play-In 2025"]
[Site "Online"]
[Date "2025.02.17"]
[Round "4.29"]
[White "Bartel, Mateusz"]
[Black "Dubov, Daniil"]
[Result "0-1"]
[ECO "B50"]
[WhiteElo "2629"]
[BlackElo "2701"]
[PlyCount "142"]
[EventDate "2025.02.13"]
[EventType "swiss"]
[EventCountry "NET"]
[TimeControl "600"]
[WhiteClock "0:00:05"]
[BlackClock "0:00:25"]

1. e4 c5 2. Nf3 d6 3. c3 Nf6 4. Bd3 Nc6 5. Bc2 Bg4 6. d3 e6 7. Nbd2 Be7 8. h3 Bh5 9. Nf1 d5 10. Ng3 Bg6 11. Qe2 Qc7 12. Bg5 O-O-O 13. e5 Nh5 14. Bxe7 Qxe7 15. O-O d4 16. c4 Nb4 17. Nxh5 Bxh5 18. Bd1 Bg6 19. Ne1 f6 20. exf6 gxf6 21. a3 Nc6 22. b4 Rhg8 23. Ba4 e5 24. Bxc6 bxc6 25. f4 e4 26. f5 Bf7 27. Rf4 e3 28. Qf3 Kc7 29. Rb1 Qd6 30. Re4 Rge8 31. bxc5 Qxc5 32. Qf4+ Qd6 33. Rxd4 Qxf4 34. Rxf4 Re7 35. Kf1 c5 36. Ke2 h5 37. Rb5 Kc6 38. Nc2 Bxc4 39. Rxc5+ Kxc5 40. Rxc4+ Kb6 41. Nd4 Rg8 42. Rb4+ Kc5 43. Ne6+ Kc6 44. g4 hxg4 45. hxg4 Rh7 46. Rc4+ Kd6 47. Rd4+ Ke7 48. Nf4 Rb8 49. Ng6+ Ke8 50. Kxe3 Rd7 51. Ra4 Rb1 52. Ra6 Kf7 53. Nf4 Rb6 54. Ra4 Rb3 55. Ra6 Rb6 56. Ra4 Rbd6 57. Rc4 Ra6 58. a4 Re7+ 59. Ne6 Rd7 60. d4 Rb6 61. Ke4 Rb1 62. g5 fxg5 63. Nxg5+ Kf6 64. Nf3 Rb6 65. Ne5 Rh7 66. Rc5 Rd6 67. Ng4+ Kg5 68. Ne5 Rh4+ 69. Ke3 Rh3+ 70. Nf3+ Kg4 71. Ke4 Rxf3 0-1

[Event "CCT Chessable Masters Play-In 2025"]
[Site "Online"]
[Date "2025.02.17"]
[Round "4.30"]
[White "Bologan, Victor"]
[Black "Oparin, Grigoriy"]
[Result "1-0"]
[ECO "C90"]
[WhiteElo "2603"]
[BlackElo "2660"]
[PlyCount "197"]
[EventDate "2025.02.13"]
[EventType "swiss"]
[EventCountry "NET"]
[TimeControl "600"]
[WhiteClock "0:00:03"]

1. e4 e5 2. Nf3 Nc6 3. Bc4 Nf6 4. d3 Be7 5. O-O O-O 6. Re1 d6 7. c3 Na5 8. Bb5 a6 9. Ba4 b5 10. Bc2 c5 11. Nbd2 Nc6 12. Nf1 Re8 13. h3 h6 14. Ne3 Bf8 15. Nh2 d5 16. exd5 Nxd5 17. Qf3 Be6 18. Bb3 Nxe3 19. Bxe3 Qd7 20. Ng4 h5 21. Nh2 g6 22. Qe2 Rad8 23. Bg5 Be7 24. Bxe7 Rxe7 25. Qe3 Qd6 26. Nf3 Kg7 27. Ng5 Bf5 28. Rad1 Qf6 29. h4 Na5 30. Qxc5 Nxb3 31. axb3 Bxd3 32. Ne4 Qe6 33. Qe3 Bxe4 34. Rxd8 Bd5 35. b4 Bb3 36. Qc5 Qf6 37. Rd6 Qxh4 38. Rxe5 Be6 39. Qd4 Qxd4 40. cxd4 Rc7 41. Rc5 Re7 42. f3 h4 43. Kf2 Bf5 44. Rxa6 Bd3 45. Re5 Rc7 46. d5 Rc2+ 47. Ke3 Bc4 48. d6 Rxg2 49. b3 h3 50. Ra1 h2 51. Rh1 Bf1 52. d7 Re2+ 53. Kf4 Rd2 54. Rxf1 Rxd7 55. Rh1 Rd4+ 56. Kg3 Rxb4 57. Re3 f5 58. f4 g5 59. Rf3 Kg6 60. fxg5 Kxg5 61. Rxh2 Rg4+ 62. Kf2 Rd4 63. Rg2+ Kf6 64. Ke3 Rb4 65. Kd2 Ke5 66. Re2+ Kd6 67. Kc3 Rh4 68. Rxf5 b4+ 69. Kb2 Kc6 70. Rg2 Kd6 71. Rg6+ Ke7 72. Ra5 Rh2+ 73. Kc1 Kf7 74. Rb6 Rh1+ 75. Kd2 Rh2+ 76. Kd3 Rh3+ 77. Kc4 Rh4+ 78. Kb5 Rh5+ 79. Kxb4 Rh4+ 80. Ka3 Re4 81. Ra7+ Re7 82. Rxe7+ Kxe7 83. Kb4 Kd7 84. Ka5 Kc7 85. b4 Kc8 86. b5 Kc7 87. Ka6 Kd7 88. Rc6 Ke7 89. b6 Kd7 90. Rc4 Kd6 91. b7 Kd5 92. Rc1 Kd4 93. b8=Q Kd5 94. Qd8+ Ke6 95. Re1+ Kf5 96. Qh4 Kg6 97. Qf2 Kg5 98. Rg1+ Kh5 99. Qh2# 1-0